 Dungeon Crawl Stone Soup version 0.28-a0-261-gc0b50483a2 (webtiles) character file.

Game seed: 229649272240809313

4655 PentaManta the Grappler (level 10, -1/86 HPs)
             Began as a Ghoul Abyssal Knight on Aug 27, 2021.
             Was an Elder of Lugonu.
             Slain by a wolf spider zombie (9 damage)
             ... on level 7 of the Dungeon.
             The game lasted 00:14:33 (7669 turns).

PentaManta the Grappler (Ghoul Abyssal Knight)      Turns: 7669, Time: 00:14:35

Health: -1/86      AC: 18    Str: 17 (20) XL:     10   Next: 43%
Magic:  11/15      EV:  7    Int:  9 (10) God:    Lugonu [****..]
Gold:   504        SH:  4    Dex:  7 (8)  Spells: 9/9 levels left

rFire   . . .      SeeInvis +     - Unarmed
rCold   + . .      Faith    .   z - +0 buckler
rNeg    + + +      Spirit   .   x - +5 chain mail of Dog Ribb {Int+3}
rPois   ∞          Reflect  .   (no helmet)
rElec   .          Harm     .   f - +2 cloak
rCorr   .          Rampage  .   (no gloves)
Will    +....                   (no boots)
Stlth   ..........              (no amulet)
HPRegen 0.00/turn               u - ring of see invisible
MPRegen 0.14/turn               B - ring of willpower

@: inhibited regen, hasted, very quick
A: claws 1, cold resistance 1, negative energy resistance 3, inhibited
regeneration, torment resistance 2
a: Renounce Religion, Depart the Abyss, Bend Space, Banish, Corrupt


You were on level 7 of the Dungeon.
You worshipped Lugonu.
Lugonu was greatly pleased with you.
You visited 1 branch of the dungeon, and saw 7 of its levels.
You visited the Abyss 1 time.
You also visited: Ossuary.

You collected 504 gold pieces.

Inventory:

Hand Weapons
 d - a +3 dagger of venom
Missiles
 a - a throwing net
 v - a boomerang (quivered)
Armour
 e - a +3 scale mail of cold resistance
 f - a +2 cloak (worn)
 w - the +3 leather armour of the Lost Path {Stlth+}
   (You found it on level 5 of the Dungeon)

   Stlth:     It makes you more stealthy.
 x - the +5 chain mail of Dog Ribb (worn) {Int+3}
   (You found it on level 6 of the Dungeon)

   Int:       It affects your intelligence (+3).
 y - a +2 kite shield of protection
 z - a +0 buckler (worn)
 C - the +1 ring mail "Run Usontee" {+Inv rC- Will++ Regen+}
   (You found it on level 7 of the Dungeon)

   rC:        It makes you vulnerable to cold.
   +Inv:      It lets you turn invisible.
   Regen:     It increases your rate of health regeneration.
   Will:      It greatly increases your willpower.
Jewellery
 u - a ring of see invisible (left claw)
 B - a ring of willpower (right claw)
Wands
 b - a wand of acid (7)
Scrolls
 c - 2 scrolls of fog
 g - 2 scrolls of immolation
 k - 2 scrolls of amnesia
 m - 4 scrolls of enchant weapon
 q - a scroll of brand weapon {unknown}
 r - a scroll of enchant armour
 s - a scroll of identify
 t - 2 scrolls of magic mapping {unknown}
Potions
 h - a potion of might
 i - 3 potions of magic
 j - 2 potions of flight {unknown}
 l - 2 potions of attraction
 n - a potion of curing {unknown}
 o - 2 potions of degeneration
 p - a potion of heal wounds
 A - 2 potions of haste


   Skills:
 * Level 7.3 Fighting
 * Level 5.6 Armour
 - Level 0.8 Dodging
 + Level 3.0 Shields
 + Level 10.3 Unarmed Combat
 - Level 8.4 Invocations


You had 9 spell levels left.
You didn't know any spells.
Your spell library contained the following spells:

 Spells                   Type           Power      Damage    Failure   Level
 Freeze                   Ice            0%         1d3       99%         1
 Passwall                 Tmut/Erth      0%         N/A       100%        2
 Frozen Ramparts          Ice            0%         1d2       100%        3
 Swiftness                Air            0%         N/A       100%        3
 Hailstorm                Conj/Ice       0%         3d3       100%        4
 Invisibility             Hex            0%         N/A       100%        6


Dungeon Overview and Level Annotations

Branches:
Dungeon (7/15)             Temple (0/1) D:6         Ossuary (visited)

Altars:
Makhleb
Nemelex Xobeh
Okawaru
Qazlal
Wu Jian


Innate Abilities, Weirdness & Mutations

You thrive by killing the living.
You are immune to poison.
You have sharp fingernails.
Your flesh is cold resistant. (rC+)
You are immune to negative energy. (rN+++)
You do not regenerate when monsters are visible.
You are immune to unholy pain and torment.


Message History

You scratch the wolf spider zombie but do no damage.
The wolf spider zombie is moderately damaged.
The wolf spider zombie barely misses you.
The wolf spider zombie completely misses you.
You claw the wolf spider zombie!
The wolf spider zombie is moderately damaged.
You claw the wolf spider zombie!
The wolf spider zombie is heavily damaged.
The wolf spider zombie hits you.
* * * LOW HITPOINT WARNING * * *
The wolf spider zombie bites you.
* * * LOW HITPOINT WARNING * * *
Space bends sharply around you!
The wolf spider zombie blinks!
You blink.
You claw the centaur warrior skeleton!
The centaur warrior skeleton is lightly damaged.
You scratch the centaur warrior skeleton.
The centaur warrior skeleton is lightly damaged.
The centaur warrior skeleton hits you but does no damage.
The centaur warrior skeleton kicks you but does no damage.
You scratch the centaur warrior skeleton but do no damage.
The centaur warrior skeleton is lightly damaged.
The centaur warrior skeleton hits you but does no damage.
You block the centaur warrior skeleton's attack.
Space bends around you!
You blink.
There is a collapsed entrance here.
Space bends sharply around you!
The centaur warrior skeleton blinks!
You blink.
Space bends around you!
You blink.
The centaur warrior zombie hits you but does no damage.
The centaur warrior zombie kicks you but does no damage.
The centaur warrior skeleton hits you but does no damage.
The centaur warrior skeleton kicks you but does no damage.
Space bends around you!
You blink.
The centaur warrior zombie closely misses you.
The centaur warrior zombie kicks you but does no damage.
The centaur warrior skeleton hits you.
* * * LOW HITPOINT WARNING * * *
The centaur warrior skeleton closely misses you.
The wolf spider zombie hits you but does no damage.
The wolf spider zombie bites you!
You die...

........######..........
........................
............K...........
............Z...#####...
#######∩######### #...
#)# #... ###.### #...
##.Z...## #... #8§Z@..8#
#### ##...Z.## #######


You could see a wolf spider zombie, a centaur warrior zombie and a centaur
warrior skeleton.

Vanquished Creatures
  Harold (D:7)
  2 centaur skeletons (D:7)
  A hellwing (D:7)
  A redback zombie (D:7)
  A shadow (D:6)
  A water moccasin (D:5)
  A sky beast (D:6)
  3 necrophages
  2 black bears
  3 ogres
  A centaur (D:5)
  An elf zombie (Ossuary)
  A phantom (D:6)
  A kobold brigand (D:7)
  A gnoll sergeant (D:6)
  5 wights (D:6)
  A bullfrog zombie (D:5)
  A howler monkey (D:5)
  3 centaur zombies
  3 hounds
  3 iguanas
  Jessica (D:1)
  An orc wizard (D:3)
  4 hound zombies
  4 mummies (Ossuary)
  9 adders
  5 gnolls
  2 shadow imps
  A white imp (D:6)
  An ufetubus (D:4)
  2 adder zombies (Ossuary)
  A worm (D:2)
  4 dart slugs
  7 orcs
  11 ball pythons
  9 endoplasms
  5 giant cockroaches
  A gnoll zombie (Ossuary)
  4 goblins
  5 hobgoblins
  4 jackals (D:3)
  4 quokkas
  3 bats
  3 frilled lizards
  3 jackal zombies (Ossuary)
  6 kobolds
  2 kobold zombies (Ossuary)
  10 rats
149 creatures vanquished.

Vanquished Creatures (others)
  2 withered plants (D:7)
2 creatures vanquished.

Grand Total: 151 creatures vanquished

Notes
Turn   | Place    | Note
-------+----------+-------------------------------------------
     0 | Abyss:1  | PentaManta the Ghoul Abyssal Knight began the quest for the
                  | Orb.
     0 | Abyss:1  | Reached XP level 1. HP: 19/19 MP: 1/1
    21 | Abyss:2  | Found a corrupted altar of Lugonu.
    53 | Abyss:2  | Noticed a starcursed mass
    54 | D:1      | Escaped the Abyss
   466 | D:1      | Reached XP level 2. HP: 26/26 MP: 2/2
   504 | D:1      | Reached skill level 3 in Unarmed Combat
   535 | D:1      | Found a faded altar of an unknown god.
   881 | D:1      | Reached * piety under Lugonu
  1132 | D:1      | Reached XP level 3. HP: 31/31 MP: 3/3
  1248 | D:2      | Noticed Jessica
  1266 | D:1      | Reached skill level 4 in Unarmed Combat
  1270 | D:1      | Killed Jessica
  1271 | D:1      | Reached XP level 4. HP: 17/38 MP: 4/4
  1454 | D:2      | Reached skill level 5 in Unarmed Combat
  1678 | D:2      | Reached ** piety under Lugonu
  2182 | D:3      | Found an ornate altar of the Wu Jian Council.
  2183 | D:3      | Found a burning altar of Makhleb.
  2184 | D:3      | Found a stormy altar of Qazlal.
  2212 | D:2      | Reached XP level 5. HP: 43/45 MP: 5/5
  2584 | D:3      | Reached skill level 6 in Unarmed Combat
  2737 | D:3      | Found a sparkling altar of Nemelex Xobeh.
  2865 | D:4      | Noticed a necrophage
  2874 | D:4      | Killed a necrophage
  2875 | D:4      | Reached XP level 6. HP: 50/51 MP: 6/6
  2914 | D:4      | Reached skill level 7 in Unarmed Combat
  3011 | D:4      | Noticed a black bear
  3014 | D:4      | Reached *** piety under Lugonu
  3019 | D:4      | Killed a black bear
  3645 | D:5      | Entered Level 5 of the Dungeon
  3656 | D:5      | Reached skill level 8 in Unarmed Combat
  3656 | D:5      | Reached XP level 7. HP: 46/57 MP: 7/7
  4291 | D:5      | Identified the +3 leather armour of the Lost Path {Stlth+}
  4797 | D:5      | Reached skill level 9 in Unarmed Combat
  4797 | D:5      | Reached XP level 8. HP: 59/63 MP: 10/10
  5112 | D:6      | Noticed a shadow
  5122 | D:6      | Killed a shadow
  5123 | D:6      | Reached skill level 5 in Invocations
  5512 | D:6      | Found an iron altar of Okawaru.
  5516 | D:6      | Identified the +5 chain mail of Dog Ribb {Int+3}
  5689 | D:6      | Found a staircase to the Ecumenical Temple.
  5950 | D:6      | Reached XP level 9. HP: 67/72 MP: 11/13
  6339 | D:7      | Identified the +1 ring mail "Run Usontee" {+Inv rC- Will++
                  | Regen+}
  6386 | D:7      | Noticed Harold
  6572 | D:7      | Killed Harold
  6573 | D:7      | Reached skill level 5 in Fighting
  6573 | D:7      | Reached skill level 1 in Shields
  6794 | D:6      | Reached skill level 10 in Unarmed Combat
  6989 | D:7      | Reached XP level 10. HP: 67/84 MP: 13/15
  7005 | D:7      | Reached skill level 5 in Armour
  7028 | D:7      | Found a sand-covered staircase.
  7035 | Ossuary  | Entered an ossuary
  7503 | Ossuary  | Reached **** piety under Lugonu
  7669 | D:7      | Slain by a wolf spider zombie

Illustrated notes

Levels and vault maps discovered:
D:1:      minmay_arrival_wavy_path, layout_basic,
          shapermc_ecumenical_altar_ellora, minmay_crystal_water
D:2:      layout_basic, uniq_jessica
D:3:      layout_rooms, grunt_temple_overflow_open, nemelex_spade_bored_becter
D:4:      layout_basic
D:5:      layout_basic
D:6:      layout_basic, old_standard_altar, minmay_temple_entry_statues
D:7:      cheibrodos_grave_circle, layout_gridville, tso_oasis_becter,
          chequers_ossuary_entry_cave, uniq_harold

Skill      XL: |  1  2  3  4  5  6  7  8  9 10 |
---------------+-------------------------------+-----
Unarmed Combat | 3 4 5 6 8 9 10 | 10.3
Invocations    | 4 6 8 |  8.4
Armour         | 3 4 5 |  5.6
Fighting       | 4 6 7 |  7.3
Shields        | 2 3 |  3.0
Dodging        | |  0.8

Action                   |  1- 3 |  4- 6 |  7- 9 | 10-12 || total
-------------------------+-------+-------+-------+-------++-------
Melee: Unarmed           |    89 |   175 |   234 |   130 ||   628
       Punch             |     1 |     2 |     8 |     4 ||    15
Throw: Boomerang         |       |       |     5 |     3 ||     8
Invok: Depart the Abyss  |     1 |       |       |       ||     1
       Bend Space        |       |       |       |     5 ||     5
Evoke: Wand              |       |       |     1 |       ||     1
  Use: Potion            |     1 |       |       |     4 ||     5
       Scroll            |       |       |    12 |       ||    12
Armor: Leather armour    |     9 |       |       |       ||     9
       Ring mail         |    14 |       |       |       ||    14
       Chain mail        |    37 |   130 |   190 |   218 ||   575
Dodge: Dodged            |    46 |    71 |    86 |    95 ||   298
Block: Buckler           |       |       |       |    12 ||    12

Table legend: (Time is in decaauts)
 A = Elapsed time spent in this place.
 B = Non-inter-level travel time spent in this place.
 C = Inter-level travel time spent in this place.
 D = Time resting spent in this place.
 E = Time spent auto-exploring this place.
 F = Levels seen in this place.
 G = Mean time per level.
                   A        B        C        D        E       F      G
               +--------+--------+--------+--------+--------+-----+--------+
         Total |   7582 |   7397 |    185 |   1994 |   3941 |  10 |  758.2 |
       Dungeon |   7025 |   6840 |    185 |   1749 |   3894 |   7 | 1003.6 |
         Abyss |     53 |     53 |      0 |      0 |      0 |   2 |   26.5 |
       Ossuary |    502 |    502 |      0 |    245 |     47 |   1 |  502.0 |
               +--------+--------+--------+--------+--------+-----+--------+

Top non-repeatable levels by time:
     D:6: 1643 daAuts
     D:5: 1566 daAuts
     D:1: 1371 daAuts
     D:4: 874 daAuts
     D:3: 669 daAuts
     D:2: 657 daAuts
 Ossuary: 502 daAuts
     D:7: 244 daAuts
 Abyss:2: 32 daAuts
 Abyss:1: 21 daAuts
